 Dungeon Crawl Stone Soup version bcrawl-1.27.6 (webtiles) character file.

Game seed: 6760786582777500144

10764163 Faustar the Shatterer (level 24, -5/168 HPs)
             Began as a Gargoyle Berserker on Sept 16, 2020.
             Was the Champion of the Shining One.
             Killed by Lee's Rapid Deconstruction
             ... invoked by a deep troll earth mage
              (31 damage)
             ... on level 4 of the Depths.
             The game lasted 02:39:11 (46079 turns).

Faustar the Shatterer (Gargoyle Berserker)         Turns: 46079, Time: 02:39:11

Health: -5/168     AC: 48    Str: 34    XL:     24   Next: 4%
Magic:  6/33       EV:  9    Int: 14    God:    the Shining One [******]
Gold:   6979       SH:  0    Dex: 12    Spells: 23/23 levels left

rFire    + + .     SeeInvis .   y - +9 great mace (holy)
rCold    + + .     Gourm    .   (shield currently unavailable)
rNeg     + + +     Faith    +   h - +0 gold dragon scales
rPois    ∞         Spirit   .   R - +1 helmet
rElec    +         Reflect  .   c - +2 cloak "Bichunik" {*Contam rCorr Str+3 Int+4}
rCorr    +         Harm     .   u - +1 pair of gloves {Dex+3}
MR       +....                  J - +1 pair of boots {run}
Stlth    ..........             f - amulet of faith
HPRegen  0.38/turn              j - ring of protection from fire
MPRegen  0.23/turn              T - ring of protection from cold

@: silence, corroded, flying, very slightly contaminated, slowed, glowing,
studying Translocations, very slow
A: big wings, negative energy resistance 1, electricity resistance, unbreathing,
petrification resistance, rot immunity, AC +18
}: 3/15 runes: serpentine, barnacled, silver
a: Stop Flying, Renounce Religion


You were on level 4 of the Depths.
You worshipped the Shining One.
The Shining One was exalted by your worship.
You were very hungry.

You visited 10 branches of the dungeon, and saw 36 of its levels.
You visited 1 ziggurat, and saw 3 of its levels.
You also visited: Ice Cave and Wizlab.

You collected 7328 gold pieces.
You spent 349 gold pieces at shops.

Inventory:

Hand Weapons
 y - a +9 great mace of holy wrath (weapon)
 K - a +1 great mace of speed
Armour
 c - the +2 cloak "Bichunik" (worn) {*Contam rCorr Str+3 Int+4}
   (You found it in a wizard's laboratory)

   It affects your strength (+3).
   It affects your intelligence (+4).
   It causes magical contamination when unequipped.
   It provides partial protection from all sources of acid and corrosion.
 h - +0 gold dragon scales (worn)
 u - a +1 pair of gloves of dexterity (worn)
 J - a +1 pair of boots of running (worn)
 R - a +1 helmet (worn)
 U - the +2 cloak of the Lair of Beasts {Int+3}
   (You found it in a wizard's laboratory)

   It affects your intelligence (+3).
Jewellery
 f - an amulet of faith (around neck)
 j - a ring of protection from fire (left hand)
 T - a ring of protection from cold (right hand)
Wands
 B - a wand of digging (35)
 D - a wand of disintegration (5)
 F - a wand of iceblast (27)
 H - a wand of scattershot (20)
 I - a wand of enslavement (11)
 V - a wand of acid (5)
 X - a wand of paralysis (5)
Scrolls
 b - 6 scrolls of fog
 d - 5 scrolls of magic mapping
 l - a scroll of silence
 r - 13 scrolls of teleportation
 x - 8 scrolls of remove curse
 G - 4 scrolls of blinking
 L - 2 scrolls of fear
 M - 6 scrolls of enchant armour
 P - 3 scrolls of enchant weapon
 S - 2 scrolls of brand weapon
 Y - 4 scrolls of summoning
Potions
 g - 6 potions of haste
 i - 5 potions of might
 k - 4 potions of heal wounds
 m - a potion of invisibility
 n - 8 potions of flight
 o - 17 potions of curing
 t - 2 potions of resistance
 N - a potion of brilliance
 O - 2 potions of agility
 Q - 3 potions of berserk rage
 W - 2 potions of magic
Books
 q - a manual of Translocations
Miscellaneous
 a - 3 phantom mirrors
 w - a lamp of fire
 z - a phial of floods
 A - 4 boxes of beasts
 E - a fan of gales (2/2)
 Z - a lightning rod (4/4)
Comestibles
 e - 45 rations {!d}


   Skills:
 * Level 21.7 Fighting
 * Level 23.4 Maces & Flails
 * Level 23.1 Armour
 - Level 1.5 Dodging
 + Level 14.5 Invocations


You had 23 spell levels left.
You didn't know any spells.
Your spell library contained the following spells:

 Spells                   Type           Power        Failure   Level  Hunger
 Apportation              Tloc           #.....       86%         1    None
 Beastly Appendage        Tmut           #.....       86%         1    None
 Blink Other              Tloc           #.....       86%         1    None
 Blink                    Tloc           N/A          95%         2    ####...
 Passwall                 Tmut/Erth      #.......     95%         2    ####...
 Shroud of Golubria       Chrm/Tloc      #.........   95%         2    ####...
 Sticks to Snakes         Tmut           #.......     95%         2    ####...
 Beckoning                Tloc           #.........   99%         3    #####..
 Portal Projectile        Tloc           #.....       99%         3    #####..
 Recall                   Summ/Tloc      N/A          99%         3    #####..
 Regeneration             Chrm/Necr      #.........   99%         3    #####..
 Spider Form              Tmut/Pois      #..          99%         3    #####..
 Teleport Other           Tloc           #.......     99%         3    #####..
 Animate Dead             Necr           N/A          100%        4    ######.
 Ice Form                 Ice/Tmut       #.......     100%        4    ######.
 Agony                    Necr           #.......     100%        5    #######
 Blade Hands              Tmut           #.........   100%        5    #######
 Lightning Bolt           Conj/Air       #.........   100%        5    #######
 Passage of Golubria      Tloc           N/A          100%        5    #######
 Summon Forest            Summ/Tloc      #.........   100%        5    #######
 Death Channel            Chrm/Necr      #.........   100%        6    #######
 Simulacrum               Ice/Necr       #.........   100%        6    #######
 Icicle Burst             Conj/Ice       #.........   100%        7    #######
 Chain Lightning          Conj/Air       #.........   100%        8    #######
 Death's Door             Chrm/Necr      #.........   100%        8    #######
 Ignition                 Fire           #.........   100%        8    #######
 Time Stop                Chrm/Tloc      N/A          100%        8    #######
 Shatter                  Erth           #.........   100%        9    #######
 Tornado                  Air            #.........   100%        9    #######


Dungeon Overview and Level Annotations

Branches:
Dungeon (12/12)            Temple (1/1) D:4            Lair (6/6) D:9
 Shoals (3/3) Lair:3        Snake (3/3) Lair:2        Slime (0/5) Lair:5
    Orc (1/1) D:11            Elf (0/3) Orc          Vaults (3/3) D:11
  Crypt (2/2) Vaults:2       Tomb (1/3) Crypt:2      Depths (4/5) D:12

Altars:
Ashenzari
Cheibriados
Dithmenos
Elyvilon
Fedhas
Gozag
Hepliaklqana
Kikubaaqudgha
Lugonu
Makhleb
Nemelex Xobeh
Okawaru
Qazlal
Ru
Sif Muna
Trog
Uskayaw
Vehumet
Wu Jian
Xom
Yredelemnul
Zin
The Shining One
Beogh
Jiyva

Shops:
D:4 *   D:9 ?}[(:   D:11 ((!   Orc ([}}   Vaults:2 :   Depths:1 ?*

Portals:
Hell: Depths:1 Depths:3
Pandemonium: Depths:3

Annotations:
Vaults:1 3 runed translucent doors, Morbidden's ghost, journeyman DgGl


Innate Abilities, Weirdness & Mutations

You are resistant to torment.
Your stone body is resilient. (AC +18)
You are immune to poison.
Your large and strong wings let you fly indefinitely.
You resist negative energy. (rN+)
You are resistant to electric shocks. (rElec)
You can survive without breathing.
You are immune to petrification.
You are immune to rotting.


Message History

The iron troll moves out of view.
As you read the scroll of teleportation, it crumbles to dust.
You feel strangely unstable.
Okay, then.
Unknown command.
Unknown command.
You hear an angry growl.
Your surroundings suddenly seem different.
A deep troll earth mage comes into view.
The deep troll earth mage shouts!
A deep troll comes into view.
The deep troll shouts!
You hear a shout! x3
A deep troll comes into view.
You hear an angry growl.
As you read the scroll of silence, it crumbles to dust.
A profound silence engulfs you.
A deep troll comes into view.
The deep troll earth mage casts a spell at you.
You shatter!!
You die...

...#########...######
.....................
.....................
.....................
..#########...#######
#...#
########...###########
.......<..............
...........@..TT.T....
.................T....
######.."#############
#...# ########...#####
.............<...
.................
.................
############...##


You could see 3 deep trolls and a deep troll earth mage.

Vanquished Creatures
  Xtahua (Crypt:1)
  A golden dragon (Vaults:3)
  Margery (Vaults:2)
  Bai Suzhen (Vaults:2)
  Vashnia (Snake:2)
  2 caustic shrikes (Depths:4)
  Rupert (D:10)
  5 liches
  3 titans (Vaults:3)
  Asterion (Snake:1)
  3 ancient champions
  5 sphinxes
  A tentacled starspawn (WizLab)
  Roxanne (Snake:1)
  2 shadow dragons
  Donald (Shoals:1)
  10 nagarajas (Snake:3)
  3 revenants
  5 frost giants
  5 tengu reavers
  4 iron dragons (Depths:1)
  5 fire giants
  An orc warlord (Vaults:2)
  12 vault wardens
  15 stone giants
  A ghoul (Vaults:2)
  Aizul (Snake:1)
  3 war gargoyles
  A reaper (Zig:2)
  3 very ugly things
  16 ironheart preservers
  A spectral titan (Crypt:2)
  A vampire knight (Crypt:1)
  A purple draconian (WizLab)
  3 spark wasps (Depths:3)
  A deep elf death mage (Vaults:2)
  5 ettins
  6 eidola (Crypt:2)
  5 mummy priests (Tomb:1)
  A crystal guardian (Vaults:3)
  6 fire dragons
  A green death (Depths:3)
  3 jiangshi (Crypt:2)
  2 spectral quicksilver dragons (Crypt:2)
  5 merfolk impalers
  Josephine (Lair:4)
  2 deep elf high priests
  Azrael (Snake:1)
  7 ice dragons
  A great orb of eyes (shapeshifter) (Depths:3)
  23 vault guards
  13 hydras
  9 naga warriors
  6 rakshasas
  5 great orbs of eyes
  10 centaur warriors
  6 ogre magi
  2 spriggan air magi (Depths:4)
  A merfolk avatar (Shoals:2)
  11 yaktaur captains
  A shambling mangrove (Lair:4)
  Psyche (D:11)
  3 death knights
  A spectral frost giant (Crypt:2)
  16 anacondas
  3 merfolk aquamancers
  21 two-headed ogres
  4 death yaks (Lair:5)
  2 spectral fire giants (Crypt:2)
  A queen ant (shapeshifter) (Vaults:3)
  3 death scarabs (Tomb:1)
  The ghost of Winsalot the Ruffian, a novice OnTm of Lugonu (D:8)
  A two-headed ogre (shapeshifter) (Vaults:3)
  4 dancing weapons
  3 satyrs
  9 naga sharpshooters
  A deep troll shaman (Depths:1)
  5 vampire magi
  4 sea snakes
  2 tengu warriors (D:12)
  A sun demon (Depths:3)
  A deep troll earth mage (Depths:1)
  7 shock serpents
  A thrashing horror (WizLab)
  3 spectral storm dragons (Crypt:2)
  7 deep trolls
  A deep elf knight (Vaults:3)
  2 sixfirhies (WizLab)
  7 shadow wraiths
  A spectral dire elephant (Crypt:2)
  12 hell knights
  2 salamander mystics
  2 iron trolls (Depths:1)
  2 spriggans (Depths:4)
  6 flayed ghosts
  9 skeletal warriors
  4 glowing orange brains
  A golden dragon zombie (Crypt:2)
  A quicksilver dragon simulacrum (Crypt:2)
  A spark wasp zombie (Crypt:1)
  A glowing orange brain (shapeshifter) (Depths:1)
  A spectral hydra (Crypt:2)
  2 wizards
  11 harpies
  A golden dragon skeleton (Tomb:1)
  7 cyclopes
  6 naga ritualists
  An orange crystal statue (Depths:3)
  A lindwurm (Lair:6)
  An obsidian statue (WizLab)
  A shadow dragon zombie (Depths:3)
  11 ironbrand convokers
  2 deep elf archers
  7 orc knights
  A harpy (shapeshifter) (Vaults:2)
  A spectral wolf spider (Crypt:2)
  7 necromancers
  5 deep elf magi
  12 phantasmal warriors
  An orb spider (shapeshifter) (Vaults:2)
  A stone giant zombie (Depths:3)
  An orc sorcerer (D:11)
  35 ugly things
  6 mana vipers
  44 slime creatures
  6 manticores
  A spectral ice dragon (Crypt:2)
  A fire giant zombie (Vaults:1)
  A frost giant skeleton (Vaults:1)
  A spectral alligator (Crypt:2)
  5 fauns
  4 rust devils (Depths:1)
  2 large abominations (WizLab)
  An apocalypse crab (WizLab)
  14 salamanders
  10 guardian serpents (Snake:3)
  27 black mambas
  4 centaur zombies
  15 elephants
  Joseph (D:10)
  7 merfolk sirens
  13 naga magi
  2 emperor scorpion zombies
  11 vault sentinels
  3 water nymphs (Shoals:3)
  A demonspawn skeleton (WizLab)
  7 komodo dragons
  A molten gargoyle (Depths:1)
  An ice statue (IceCv)
  32 cane toads
  A torpor snail (Lair:6)
  5 centaur skeletons
  2 rime drakes
  31 yaktaurs
  3 ice devils
  4 spectral swamp worms (Depths:3)
  26 freezing wraiths
  7 guardian mummies (Tomb:1)
  3 hellwings
  2 ancient zymes (WizLab)
  13 merfolk
  A harpy zombie (Crypt:1)
  8 trolls
  A hornet (shapeshifter) (Vaults:3)
  5 hornets
  A troll (shapeshifter) (Depths:3)
  4 tyrant leeches
  9 polar bears
  3 wind drakes
  A wind drake (shapeshifter) (Depths:1)
  32 blink frogs
  A sphinx simulacrum (Vaults:1)
  13 hippogriffs
  7 dream sheep
  2 raiju (shapeshifter)
  A spectral manticore (Crypt:2)
  2 snapping turtles
  An ice dragon skeleton (WizLab)
  3 shadows
  A guardian serpent skeleton (Crypt:2)
  A ynoxinul (WizLab)
  A wyvern (D:12)
  5 air elementals (Depths:4)
  3 flying skulls (Crypt:1)
  3 water elementals
  9 wraiths
  16 humans
  An ushabti (Tomb:1)
  4 fire elementals
  23 yaks
  A death yak simulacrum (IceCv)
  A wind drake skeleton (Crypt:2)
  3 basilisks
  2 spatial vortices (WizLab)
  6 vampire mosquitoes
  A steam dragon (D:9)
  A warg (Orc)
  3 insubstantial wisps
  42 nagas
  12 water moccasins
  2 acid dragons (D:11)
  A torturous demonspawn zombie (Crypt:2)
  17 crocodiles
  A floating eye (Depths:3)
  An ice beast (shapeshifter) (Vaults:1)
  2 hell hounds (Snake:1)
  17 porcupines
  12 orc warriors
  An ettin simulacrum (Crypt:2)
  8 ice beasts
  11 sky beasts
  An alligator simulacrum (IceCv)
  A hornet zombie (D:8)
  A necrophage (D:7)
  9 black bears
  A human zombie (Vaults:1)
  A small abomination (WizLab)
  10 wolves
  2 eyes of draining
  46 ogres
  12 boggarts
  13 centaurs
  A snapping turtle skeleton (Crypt:2)
  31 bullfrogs
  A spectral human (Crypt:2)
  3 big kobolds (D:9)
  A gnoll sergeant (D:11)
  A wyvern zombie (Crypt:1)
  3 scorpions
  A troll zombie (Crypt:1)
  A snapping turtle simulacrum (Crypt:2)
  10 wights
  An elephant simulacrum (IceCv)
  3 killer bees (D:8)
  A manticore simulacrum (Crypt:2)
  A human simulacrum (Vaults:1)
  A spriggan skeleton (Crypt:1)
  2 howler monkeys (D:12)
  4 electric eels
  6 jellies
  5 crimson imps
  8 draconian simulacra (IceCv)
  A soldier ant zombie (Crypt:1)
  6 hounds
  5 orc priests
  A gnoll shaman (D:5)
  8 orc wizards
  A bullfrog skeleton (Crypt:2)
  4 iguanas
  4 lightning spires (Depths:4)
  2 spriggan simulacra
  5 troll simulacra (IceCv)
  14 worker ants
  A wolf simulacrum (IceCv)
  3 centaur simulacra
  A sky beast zombie (Crypt:2)
  A hound zombie (D:6)
  8 mummies (Tomb:1)
  A worker ant zombie (D:6)
  A howler monkey zombie (D:4)
  3 howler monkey skeletons
  11 adders
  11 gnolls
  2 naga simulacra (IceCv)
  3 ogre simulacra (IceCv)
  A shadow imp (D:9)
  A tengu simulacrum (Tomb:1)
  26 white imps
  2 worker ant simulacra (D:8)
  3 oozes (Lair:5)
  2 adder zombies
  2 adder skeletons
  An iguana skeleton (Crypt:1)
  A worm (D:3)
  2 dart slugs (D:2)
  An adder simulacrum (D:8)
  3 leopard geckos
  63 orcs
  A ball python (D:3)
  9 bats
  2 giant cockroaches
  10 goblins
  10 hobgoblins
  32 jackals
  19 kobolds
  3 quokkas (D:2)
  3 frilled lizards
  A frilled lizard zombie (Crypt:2)
  A kobold skeleton (Crypt:1)
  A leopard gecko skeleton (Crypt:2)
  8 rats
  A fungus (D:9)
1641 creatures vanquished.

Vanquished Creatures (collateral kills)
  A golden dragon (Vaults:3)
  Jory (Vaults:2)
  A lich (Vaults:3)
  2 acid blobs (Zig:3)
  A tentacled starspawn (WizLab)
  3 tengu reavers (Vaults:3)
  An iron dragon (Vaults:3)
  6 vault wardens
  2 stone giants
  4 ironheart preservers
  A war gargoyle (Vaults:3)
  2 ettins
  7 vault guards (Vaults:3)
  3 yaktaur captains (Vaults:3)
  A rakshasa (Snake:3)
  An ice dragon (Vaults:3)
  A merfolk impaler (Shoals:3)
  A merfolk avatar (Shoals:3)
  2 centaur warriors (Vaults:2)
  A merfolk aquamancer (Shoals:3)
  A satyr (Shoals:3)
  5 death scarabs (Tomb:1)
  2 ogre magi (Vaults:2)
  4 deep trolls
  A sea snake (Shoals:3)
  A deep troll (shapeshifter) (Depths:1)
  2 hell knights (Depths:3)
  An ironbrand convoker (Vaults:2)
  2 necromancers (Depths:3)
  A harpy (Shoals:1)
  2 deep elf magi
  A sphinx skeleton (Depths:3)
  5 fauns (Shoals:3)
  2 manticores (Shoals:3)
  6 elephants (Lair:4)
  An iron dragon skeleton (Tomb:1)
  A merfolk siren (Shoals:1)
  A spectral swamp worm (Depths:3)
  A cane toad (Lair:6)
  A yaktaur (Vaults:2)
  A komodo dragon (Lair:4)
  A tengu conjurer (Depths:1)
  A guardian mummy (Tomb:1)
  A red devil (Depths:3)
  A troll (Vaults:1)
  5 merfolk (Shoals:3)
  A tengu simulacrum (Depths:3)
  A wind drake (Shoals:3)
  A slime creature (Vaults:2)
  3 blink frogs (WizLab)
  A snapping turtle (Shoals:3)
  A hippogriff (shapeshifter) (Vaults:3)
  2 wraiths (Lair:4)
  A water elemental (Shoals:3)
  2 ogres
  2 bullfrogs (Lair:6)
  A mummy (Tomb:1)
  3 plants (Shoals:3)
112 creatures vanquished.

Vanquished Creatures (others)
  An eldritch tentacle (WizLab)
  An ettin (Vaults:3)
  A polar bear (Tomb:1)
  An electric eel (Depths:4)
  2 mummies (Tomb:1)
  3 ball lightnings (Depths:4)
  39 bushes (Depths:4)
  21 fungi
  60 plants
129 creatures vanquished.

Grand Total: 1882 creatures vanquished

Notes
Turn   | Place    | Note
-------+----------+-------------------------------------------
     0 | D:1      | Faustar the Gargoyle Berserker began the quest for the Orb.
     0 | D:1      | Reached XP level 1. HP: 14/14 MP: 1/1
   148 | D:1      | Reached XP level 2. HP: 19/19 MP: 2/2
   278 | D:1      | HP: 1/20 [rat (1)]
   281 | D:1      | Reached XP level 3. HP: 3/24 MP: 3/3
   284 | D:1      | Reached ** piety under Trog
   543 | D:1      | Got a glittering brass amulet
   745 | D:2      | Identified the cursed amulet "Noack" {Inacc rC- Dex+6} (You
                  | found it on level 1 of the Dungeon)
  1008 | D:2      | Reached XP level 4. HP: 26/30 MP: 4/4
  1453 | D:2      | Reached *** piety under Trog
  1508 | D:2      | Found a shadowy altar of Dithmenos.
  1949 | D:3      | Reached XP level 5. HP: 24/34 MP: 5/5
  1959 | D:3      | Reached skill level 5 in Fighting
  2052 | D:2      | Found a burning altar of Makhleb.
  2304 | D:3      | Got a coiled emerald amulet
  2588 | D:4      | Found Hilof's Elemental Accessories.
  2593 | D:4      | Identified the cursed amulet "Roicauv" {Inacc +Blink} (You
                  | found it on level 3 of the Dungeon)
  2615 | D:4      | Reached skill level 5 in Maces & Flails
  2615 | D:4      | Reached XP level 6. HP: 21/40 MP: 6/6
  2688 | D:4      | Got a bone flail
  2812 | D:4      | Identified the +4 flail of Sianulu {crush, rF+ rN+ Str+6}
                  | (You found it on level 4 of the Dungeon)
  2833 | D:4      | Found a staircase to the Ecumenical Temple.
  2876 | D:4      | Reached **** piety under Trog
  3021 | D:4      | Found a glowing golden altar of the Shining One.
  3076 | D:5      | Entered Level 5 of the Dungeon
  3132 | D:5      | Noticed a sky beast
  3139 | D:5      | Killed a sky beast
  3139 | D:5      | Reached XP level 7. HP: 47/47 MP: 7/7
  3161 | D:5      | Found a sacrificial altar of Ru.
  3345 | D:5      | Found an ornate altar of the Wu Jian Council.
  3702 | D:5      | Found a shimmering blue altar of Sif Muna.
  3937 | Temple   | Entered the Ecumenical Temple
  4301 | D:6      | Got a glimmering scale mail
  4531 | D:6      | Reached XP level 8. HP: 53/53 MP: 8/8
  4532 | D:6      | Reached ***** piety under Trog
  4808 | D:6      | Received a gift from Trog
  5656 | D:6      | Identified the +4 scale mail "Kinyn" {rN+++ Dex+2 Slay-3
                  | Stlth-} (You found it on level 6 of the Dungeon)
  5805 | D:7      | Reached XP level 9. HP: 60/60 MP: 9/9
  6234 | D:8      | Found a runed translucent gate.
  6234 | D:8      | Found a runed translucent gate.
  6234 | D:8      | Found a runed translucent gate.
  6239 | D:8      | Noticed a hornet
  6252 | D:8      | Killed a hornet
  6252 | D:8      | Reached skill level 10 in Fighting
  6379 | D:8      | Noticed a komodo dragon
  6393 | D:8      | Killed a komodo dragon
  6624 | D:8      | Reached skill level 10 in Maces & Flails
  6688 | D:8      | Noticed Winsalot's ghost (novice OnTm)
  6808 | D:8      | Reached XP level 10. HP: 69/69 MP: 10/10
  6931 | D:8      | Received a gift from Trog
  6952 | D:8      | Killed Winsalot's ghost
  7000 | D:8      | Got the ring of Suspicion {Fire}
  7010 | D:8      | Identified the ring of Suspicion {Fire *Slow +Blink MR+
                  | Str+4} (You found it on level 8 of the Dungeon)
  7161 | D:9      | Found a hazy altar of Hepliaklqana.
  7223 | D:9      | Found Hoat's Book Emporium.
  7266 | D:9      | Noticed a skeletal warrior
  7302 | D:9      | Killed a skeletal warrior
  7424 | D:9      | Found Olinidgh's Antique Weapon Shop.
  7487 | D:9      | Found a basalt altar of Yredelemnul.
  7500 | D:9      | Found a stormy altar of Qazlal.
  7582 | D:9      | Found a staircase to the Lair.
  7705 | D:9      | Reached skill level 5 in Armour
  7705 | D:9      | Reached XP level 11. HP: 67/76 MP: 11/11
  7719 | D:9      | Found an iron altar of Okawaru.
  7807 | D:9      | Found Rouduon's Antique Armour Emporium.
  7815 | D:9      | Bought a pair of glowing boots for 150 gold pieces
  7820 | D:9      | Identified a +1 pair of boots of running (You bought it in
                  | a shop on level 9 of the Dungeon)
  7923 | D:9      | Noticed a three-headed hydra
  7929 | D:9      | Killed a three-headed hydra
  8022 | D:9      | Found Ohemioce's Magic Scroll Boutique.
  8030 | D:9      | Bought a scroll of blinking for 127 gold pieces
  8053 | D:9      | Found Picerey's Gadget Emporium.
  8099 | D:9      | Found a radiant altar of Vehumet.
  8236 | D:9      | Found a shimmering blue altar of Sif Muna.
  8295 | D:10     | Entered Level 10 of the Dungeon
  8412 | D:10     | Received a gift from Trog
  8438 | D:10     | Noticed a manticore
  8448 | D:10     | Killed a manticore
  8559 | D:10     | Noticed a centaur warrior
  8571 | D:10     | Killed a centaur warrior
  8600 | D:10     | Noticed a red ugly thing
  8608 | D:10     | Noticed a two-headed ogre
  8617 | D:10     | Killed a red ugly thing
  8619 | D:10     | Killed a two-headed ogre
  8705 | D:10     | Noticed a death knight
  8705 | D:10     | Noticed a phantasmal warrior
  8719 | D:10     | Killed a death knight
  8722 | D:10     | Killed a phantasmal warrior
  8844 | D:10     | Noticed an orc knight
  8855 | D:10     | Killed an orc knight
  8855 | D:10     | Reached XP level 12. HP: 81/81 MP: 12/12
  8917 | D:10     | Noticed Joseph
  8928 | D:10     | Killed Joseph
  9237 | D:11     | Found a gate to the Vaults.
  9237 | D:11     | Noticed a centaur warrior
  9237 | D:11     | Noticed Rupert
  9277 | D:10     | Reached skill level 10 in Armour
  9304 | Lair:1   | Entered Level 1 of the Lair of Beasts
  9685 | Lair:1   | Noticed a six-headed hydra
  9694 | Lair:1   | Killed a six-headed hydra
 10657 | Lair:2   | Found a staircase to the Snake Pit.
 10705 | Lair:2   | Reached XP level 13. HP: 77/86 MP: 13/13
 11269 | Lair:3   | Found a staircase to the Shoals.
 11460 | Lair:3   | Reached skill level 15 in Maces & Flails
 11555 | Lair:3   | Got an ancient platinum ring
 11824 | Lair:3   | Identified the ring of Gyekiuz {Ice Int+2} (You found it on
                  | level 3 of the Lair of Beasts)
 12921 | Lair:4   | Reached ****** piety under Trog
 12925 | Lair:4   | Noticed Josephine
 12935 | Lair:4   | Killed Josephine
 13198 | Lair:4   | Received a gift from Trog
 13531 | Lair:4   | Found a burning altar of Makhleb.
 14005 | Lair:5   | Gained mutation: Your large and strong wings let you fly
                  | indefinitely. [Gargoyle growth]
 14005 | Lair:5   | Reached XP level 14. HP: 77/92 MP: 14/14
 14989 | Lair:5   | Found a viscous altar of Jiyva.
 14989 | Lair:5   | Found a staircase to the Slime Pits.
 14990 | Lair:5   | Found a viscous altar of Jiyva.
 15236 | Lair:6   | Entered Level 6 of the Lair of Beasts
 15468 | Lair:6   | Received a gift from Trog
 15472 | Lair:6   | Got a glimmering rapier
 15539 | Lair:6   | Reached skill level 15 in Armour
 15636 | Lair:6   | Found a frozen archway.
 15652 | IceCv    | Entered an ice cave
 16238 | IceCv    | Found an ancient bone altar of Kikubaaqudgha.
 16282 | IceCv    | Received a gift from Trog
 16740 | IceCv    | Found the +0 pair of hand wraps "Fists of Thunder" {elec,
                  | rElec Slay+2}
 17052 | Lair:6   | Reached XP level 15. HP: 96/96 MP: 15/15
 17136 | Lair:6   | Received a gift from Trog
 18351 | Shoals:1 | Entered Level 1 of the Shoals
 18580 | Shoals:1 | Noticed Donald
 18605 | Shoals:1 | Killed Donald
 18704 | Shoals:1 | Received a gift from Trog
 20227 | Shoals:3 | Entered Level 3 of the Shoals
 20362 | Shoals:3 | Reached XP level 16. HP: 69/104 MP: 16/16
 20671 | Shoals:3 | Identified the +1 robe "Ilionuma" {Dex+4}
 21867 | Shoals:3 | Reached skill level 15 in Fighting
 21913 | Shoals:3 | Got a barnacled rune of Zot
 22030 | Snake:1  | Entered Level 1 of the Snake Pit
 22419 | Snake:1  | Noticed Roxanne
 22506 | Snake:1  | Noticed Azrael
 22518 | Snake:1  | Killed Azrael
 22529 | Snake:1  | Received a gift from Trog
 22673 | Snake:1  | Noticed Aizul
 22708 | Snake:1  | Killed Aizul
 23369 | Snake:1  | Killed Roxanne
 23523 | Snake:2  | Noticed Vashnia
 23539 | Snake:2  | Noticed Asterion
 23559 | Snake:1  | Killed Asterion
 24359 | Snake:2  | Reached XP level 17. HP: 107/117 MP: 17/17
 24462 | Snake:2  | Killed Vashnia
 24771 | Snake:3  | Entered Level 3 of the Snake Pit
 25380 | Snake:3  | Received a gift from Trog
 27095 | Snake:3  | Received a gift from Trog
 27476 | Snake:3  | Reached XP level 18. HP: 129/129 MP: 18/18
 27958 | Snake:3  | Got a serpentine rune of Zot
 28397 | D:10     | Killed Rupert
 28789 | D:11     | Found a staircase to the Orcish Mines.
 29039 | D:11     | Found an iron altar of Okawaru.
 29076 | D:11     | Found Onkiettan's Antique Weapon Shoppe.
 29078 | D:11     | Found Oxkogikk's Weapon Emporium.
 29360 | D:11     | Received a gift from Trog
 29365 | D:11     | Found Hodduf's Distillery.
 29378 | D:11     | Bought a potion of curing for 37 gold pieces
 29407 | D:12     | Entered Level 12 of the Dungeon
 29407 | D:12     | Noticed Psyche
 29438 | D:11     | Killed Psyche
 29926 | D:12     | Found a staircase to the Depths.
 30270 | Vaults:1 | Entered Level 1 of the Vaults
 30553 | Vaults:1 | Identified the +4 dire flail "Witaddedgh" {freeze, rPois
                  | Str-2 SInv Stlth+} (Trog gifted it to you on level 1 of the
                  | Vaults)
 30553 | Vaults:1 | Received a gift from Trog
 30976 | Vaults:1 | Found a runed translucent gate.
 30976 | Vaults:1 | Found a runed translucent gate.
 30976 | Vaults:1 | Found a runed translucent gate.
 31228 | Vaults:1 | Reached XP level 19. HP: 137/137 MP: 19/19
 31538 | Vaults:1 | Received a gift from Trog
 31751 | Vaults:1 | Noticed Morbidden's ghost (journeyman DgGl)
 31756 | Vaults:1 | Identified the +10 eveningstar of Demonic Indomitability
                  | {freeze, rElec Dex+2}
 32073 | Vaults:1 | Found a roughly hewn altar of Beogh.
 32187 | Vaults:2 | Received a gift from Trog
 32493 | Vaults:2 | Noticed Margery
 32546 | Vaults:2 | Killed Margery
 32796 | Vaults:2 | Identified the ring of Hard Scrabble {+Fly Int+4}
 32820 | Vaults:2 | Found Guakk's Book Shop.
 33152 | Vaults:2 | Received a gift from Trog
 33498 | Vaults:2 | Noticed Jory
 33512 | Vaults:2 | Killed Jory
 33515 | Vaults:2 | Reached XP level 20. HP: 117/144 MP: 20/20
 33774 | Vaults:2 | Found a staircase to the Crypt.
 34025 | Vaults:2 | Noticed Bai Suzhen
 34032 | Vaults:2 | Killed Bai Suzhen
 34132 | Vaults:3 | Entered Level 3 of the Vaults
 34173 | Vaults:2 | Received a gift from Trog
 34413 | Depths:1 | Entered Level 1 of the Depths
 34419 | Depths:1 | Found Ybisegg's Magic Scroll Boutique.
 34854 | Depths:1 | Found Qaexzy's Assorted Antiques.
 34866 | Depths:1 | Bought a scroll labeled SOHATHRE KITWAT for 35 gold pieces
 35024 | Depths:1 | Found a gateway to Hell.
 35643 | Depths:1 | Received a gift from Trog
 35938 | Orc      | Entered the Orcish Mines
 36303 | Orc      | Reached XP level 21. HP: 148/148 MP: 21/21
 36529 | Orc      | Found a staircase to the Elven Halls.
 36571 | Orc      | Found Muruyscha's Gadget Shop.
 36571 | Orc      | Found Liannuism's Antique Weapon Emporium.
 36572 | Orc      | Found Soaroal's Gadget Shoppe.
 36572 | Orc      | Found Muliec's Antique Armour Shop.
 36897 | Vaults:3 | Received a gift from Trog
 37011 | Vaults:3 | Noticed a golden dragon
 37021 | Vaults:3 | Killed a golden dragon
 37069 | Vaults:3 | Noticed a juggernaut
 37219 | Vaults:3 | Identified the +10 spear of the Hall of Blades {freeze,
                  | rElec rF++ MP+9}
 37355 | Vaults:3 | Identified the cursed ring "Keff" {Ice Stlth+}
 37410 | Vaults:3 | Received a gift from Trog
 37413 | Vaults:3 | Identified the +7 flail "Ygaipit" {flame, rN+}
 37657 | Vaults:3 | Reached XP level 22. HP: 63/155 MP: 22/22
 38752 | Vaults:3 | Identified the cursed +0 leather armour "Udwuasmokh"
                  | {Stlth+}
 38771 | Vaults:3 | Identified the +8 longbow "Jeaphudo" {venom, rF+ Int+4}
                  | (Trog gifted it to you on level 3 of the Vaults)
 38771 | Vaults:3 | Received a gift from Trog
 38956 | Vaults:3 | Got a silver rune of Zot
 39255 | Vaults:3 | Identified the cursed +1 leather armour of the Hare {*Slow
                  | Int+2 Dex+5}
 39341 | Vaults:3 | Noticed a golden dragon
 39353 | Vaults:3 | Killed a golden dragon
 39893 | D:4      | Fell from the grace of Trog
 39893 | D:4      | Became a worshipper of the Shining One
 40193 | Crypt:1  | Entered Level 1 of the Crypt
 40257 | Crypt:1  | Reached * piety under the Shining One
 40337 | Crypt:1  | Reached ** piety under the Shining One
 40341 | Crypt:1  | Reached skill level 1 in Invocations
 40473 | Crypt:1  | Noticed Xtahua
 40498 | Crypt:1  | Killed Xtahua
 40499 | Crypt:1  | Found the +6 fire dragon scales of Xtahua {rF+++ rC- MR+}
 40842 | Crypt:2  | Entered Level 2 of the Crypt
 40850 | Crypt:2  | Reached skill level 5 in Invocations
 40879 | Crypt:2  | Reached *** piety under the Shining One
 41008 | Crypt:2  | Reached **** piety under the Shining One
 41166 | Crypt:2  | Found a staircase to the Tomb.
 41219 | Crypt:2  | Reached ***** piety under the Shining One
 41300 | Crypt:2  | Reached ****** piety under the Shining One
 41331 | Crypt:2  | Reached XP level 23. HP: 160/160 MP: 30/30
 41351 | Crypt:2  | Reached skill level 10 in Invocations
 41685 | Crypt:2  | Identified Owutotos's Almanac of Evil Magic
 41694 | Crypt:2  | Identified the ring of Summertime {rElec rN+ Int+4 SInv}
 41696 | Crypt:2  | Identified a +0 pair of boots of running
 41767 | Crypt:2  | Identified the +7 broad axe "Nedouvai" {venom, rC+ Int+3}
 42211 | Vaults:3 | Identified a +7 great mace of holy wrath (a +5 great mace
                  | blessed by the Shining One)
 42211 | Vaults:3 | Received a gift from the Shining One
 42453 | Tomb:1   | Entered Level 1 of the Tomb of the Ancients
 42456 | Tomb:1   | Paralysed by a sphinx for 4 turns
 43485 | Depths:3 | Paralysed by a great orb of eyes for 3 turns
 43524 | Depths:3 | Found a one-way gate leading to the halls of Pandemonium.
 43539 | Depths:3 | Found a gateway to a ziggurat.
 43567 | Zig:1    | Entered Level 1 of a ziggurat
 43590 | Zig:2    | Entered Level 2 of a ziggurat
 43610 | Zig:3    | Entered Level 3 of a ziggurat
 43622 | Zig:3    | HP: 6/160 [acid (8)]
 43846 | Depths:3 | Found a magical portal.
 43855 | WizLab   | Entered The Roulette of Golubria
 43855 | WizLab   | Found a transporter.
 43862 | WizLab   | Found a corrupted altar of Lugonu.
 43891 | WizLab   | Found a transporter.
 43891 | WizLab   | Found a transporter.
 43929 | WizLab   | Found a transporter.
 43945 | WizLab   | Found a transporter.
 43980 | WizLab   | Found a corrupted altar of Lugonu.
 44006 | WizLab   | Found a transporter.
 44061 | WizLab   | Found a transporter.
 44211 | WizLab   | Found a transporter.
 44211 | WizLab   | Found a transporter.
 44252 | WizLab   | Found a transporter.
 44262 | WizLab   | Identified the cursed +0 cloak of Pantheism {+Blink Str+4}
 44272 | WizLab   | Identified the +2 cloak of the Lair of Beasts {Int+3}
 44294 | WizLab   | Identified the +2 cloak "Bichunik" {*Contam rCorr Str+3
                  | Int+4}
 44328 | WizLab   | Found a transporter.
 44348 | WizLab   | Found a transporter.
 44348 | WizLab   | Found a transporter.
 44364 | WizLab   | Paralysed by Trog for 5 turns
 44384 | WizLab   | Found a transporter.
 44384 | WizLab   | Found a transporter.
 44428 | WizLab   | Found a transporter.
 44468 | WizLab   | Found a transporter.
 44468 | WizLab   | Found a transporter.
 44492 | WizLab   | Found a transporter.
 44492 | WizLab   | Found a transporter.
 44503 | WizLab   | Identified Golubria's Tome of the Traveller
 44931 | Depths:3 | Identified a scroll of acquirement
 44939 | Depths:3 | Identified the +1 pair of boots of Itsyless {Str+2 Int+5}
                  | (You acquired it on level 3 of the Depths)
 45089 | Depths:3 | Found a shimmering altar of Xom.
 45130 | Depths:3 | Paralysed by a floating eye for 2 turns
 45697 | Depths:4 | Identified the cursed amulet of Makhleb's Displeasure
                  | {Inacc rElec rF- Str+2}
 45903 | Depths:4 | Found a runed door.
 46061 | Depths:4 | Noticed a caustic shrike
 46061 | Depths:4 | Noticed a caustic shrike
 46061 | Depths:4 | Noticed a caustic shrike
 46061 | Depths:4 | Noticed a caustic shrike
 46061 | Depths:4 | Noticed a caustic shrike
 46066 | Depths:4 | Killed a caustic shrike
 46066 | Depths:4 | Reached XP level 24. HP: 82/168 MP: 11/33
 46069 | Depths:4 | Killed a caustic shrike
 46079 | Depths:4 | Killed from afar by a deep troll earth mage

Skill      XL: |  1  2  3  4  5  6  7  8  9 10 11 12 13 14 15 16 17 18 19 20 21 22 23 |
---------------+----------------------------------------------------------------------+-----
Fighting       | 4 5 6 7 9 11 12 13 17 20 21 | 21.7
Maces & Flails | 4 5 6 8 10 11 13 14 16 17 18 19 20 21 22 23 | 23.4
Armour         | 5 9 11 14 15 17 18 19 21 22 23 | 23.1
Invocations    | 9 14 | 14.5
Dodging        | |  1.5

Action                   |  1- 3 |  4- 6 |  7- 9 | 10-12 | 13-15 | 16-18 | 19-21 | 22-24 || total
-------------------------+-------+-------+-------+-------+-------+-------+-------+-------++-------
Melee: Mace              |   143 |   209 |       |       |       |       |       |       ||   352
       Flail             |       |    27 |   304 |   532 |  1345 |  1258 |       |       ||  3466
       Morningstar       |       |       |    19 |       |    37 |       |       |       ||    56
       Great mace        |       |       |       |       |       |   413 |  1180 |   741 ||  2334
       Dire flail        |       |       |       |       |       |     3 |       |     4 ||     7
Invok: Berserk           |     2 |     3 |     8 |    10 |    18 |    28 |    11 |       ||    80
       Trog's Hand       |       |       |     1 |     4 |    20 |    21 |    25 |     7 ||    78
       Brothers in Arms  |       |       |       |     2 |     6 |     2 |    11 |     2 ||    23
       Divine Shield     |       |       |       |       |       |       |       |     5 ||     5
       Cleansing Flame   |       |       |       |       |       |       |       |    11 ||    11
       Summon Divine War |       |       |       |       |       |       |       |     8 ||     8
       Brand Weapon With |       |       |       |       |       |       |       |     1 ||     1
 Abil: Fly               |       |       |       |       |     2 |       |       |     1 ||     3
       Stop Flying       |       |       |       |       |     1 |       |       |     1 ||     2
Evoke: Wand              |       |       |       |       |    17 |    17 |    13 |     3 ||    50
       Lightning rod     |       |       |       |       |     5 |       |       |       ||     5
  Use: Scroll            |     1 |     9 |       |     4 |    14 |     5 |     8 |    17 ||    58
       Potion            |       |       |       |       |     3 |     1 |     3 |     5 ||    12
 Stab: Invisible         |       |       |       |       |     6 |       |       |       ||     6
       Paralysed         |       |       |       |       |     2 |     4 |       |       ||     6
       Distracted        |       |       |       |       |       |       |     2 |       ||     2
  Eat: Chunk             |     6 |    17 |    23 |    27 |    59 |    64 |    46 |    16 ||   258
       Ration            |       |       |     1 |     1 |     4 |     8 |     3 |     9 ||    26
Armor: Animal skin       |    62 |    90 |       |       |       |       |       |       ||   152
       Chain mail        |       |     8 |   227 |   310 |  1073 |   929 |       |       ||  2547
       Plate armour      |       |       |       |       |       |   413 |   194 |       ||   607
       Gold dragon scale |       |       |       |       |       |       |   940 |  1027 ||  1967
Dodge: Dodged            |   122 |   195 |   186 |   205 |   662 |   642 |   407 |   356 ||  2775
Block: Other             |       |       |       |       |       |       |       |    22 ||    22
